Map: Lightshade LE

Players

Krystianer

  • Race: Protoss Protoss
  • League: Grandmaster
  • Spawn Location: 5:00

DnS - Winner!

  • Race: Protoss Protoss
  • Spawn Location: 11:00

Event: DreamHack SC2 Masters 2020 Winter

VOD

Have the link to the VOD?

Description

Time

  • Played on: Nov. 1, 2020, 12:03 p.m.
  • Length: 7:00

All games in this series

Show
View Real Time Build Order
Export as new Build Order

Krystianer Protoss 

Build Orders:  

Get SALT Encoding   

  12  0:00  Probe  
  13  0:12  Probe  
  14  0:16  Pylon  
  14  0:24  Probe (Chrono Boost)  
  16  0:36  Probe (Chrono Boost)  
  16  0:38  Gateway  
  16  0:43  Probe (Chrono Boost)  
  16  0:45  Assimilator  
  17  0:50  Probe  
  17  0:54  Assimilator  
  18  1:03  Probe (Chrono Boost)  
  19  1:07  Gateway  
  20  1:12  Probe (Chrono Boost)  
  20  1:17  Probe (Chrono Boost)  
  20  1:25  Cybernetics Core  
  21  1:29  Probe  
  22  1:33  Pylon  
  22  1:41  Probe  
  23  1:53  Probe  
  24  2:01  Stalker  
  24  2:02  Warp Gate, Sentry  
  24  2:05  Probe  
  29  2:12  Pylon  
  29  2:17  Probe  
  30  2:32  Stalker x2  
  34  2:48  Nexus  
  34  2:55  Shield Battery  
  36  3:08  Robotics Facility  
  36  3:12  Stalker  
  36  3:19  Stalker  
  38  3:24  Pylon  
  38  3:31  Shield Battery  
  38  3:53  Immortal (Chrono Boost)  
  38  3:54  Shield Battery  
  38  3:58  Sentry  
  44  4:04  Stalker  
  45  4:22  Immortal (Chrono Boost)  
  51  4:38  Stalker x2  
  52  4:51  Immortal (Chrono Boost)  
  56  5:03  Stalker  
  54  5:09  Stalker  
  52  5:20  Immortal (Chrono Boost)  
  52  5:30  Stalker  
  50  5:38  Adept  
  50  6:00  Gateway  
  50  6:01  Stalker  
  50  6:02  Stalker  
  50  6:26  Stalker x2  
  44  6:52  Stalker x2  
Show
View Real Time Build Order
Export as new Build Order

DnS Protoss - Winner!

Build Orders:  

Get SALT Encoding   

  12  0:00  Probe  
  13  0:12  Probe  
  14  0:17  Pylon  
  14  0:24  Probe (Chrono Boost)  
  15  0:37  Gateway, Probe (Chrono Boost)  
  16  0:43  Probe (Chrono Boost)  
  16  0:46  Assimilator  
  17  0:51  Probe  
  17  0:54  Assimilator  
  18  1:03  Probe (Chrono Boost)  
  19  1:07  Gateway  
  19  1:13  Probe (Chrono Boost)  
  20  1:18  Probe  
  20  1:24  Cybernetics Core  
  21  1:30  Probe  
  22  1:34  Pylon  
  22  1:42  Probe  
  23  2:00  Stalker x2  
  23  2:01  Warp Gate  
  27  2:12  Robotics Facility  
  27  2:17  Pylon  
  27  2:30  Stalker x2  
  31  2:42  Gateway  
  31  2:56  Immortal (Chrono Boost)  
  35  3:05  Pylon  
  35  3:08  Sentry  
  37  3:24  Shield Battery  
  37  3:27  Warp Prism (Chrono Boost)  
  39  3:56  Immortal (Chrono Boost)  
  39  4:00  Robotics Bay  
  43  4:08  Pylon  
  43  4:12  Adept  
  43  4:39  Adept x3  
  49  4:47  Disruptor  
  49  4:50  Pylon  
  52  5:20  Pylon  
  52  5:23  Disruptor  
  55  5:30  Adept x3  
  55  5:59  Adept x3  
  55  6:00  Disruptor (Chrono Boost)  
  55  6:04  Pylon  
  64  6:23  Adept x3  
  65  6:46  Adept x3  
Tags
 
Add a new tag
Caveats
  • Supply blocks, unpowered buildings, or Contaminate may cause inaccurate times.
  • Supply counts are checked every 10 seconds.